 Dungeon Crawl Stone Soup version 0.25-a0-41-g6cf4ce5 (webtiles) character file.

Game seed: 11761865518461445546, levelgen mode: deterministic

86 BoppinsLewinski the Slasher (level 4, -6/30 HPs)
             Began as a Tengu Gladiator on Oct 21, 2019.
             Mangled by Sigmund
             ... wielding a +0 scythe
              (14 damage)
             ... on level 2 of the Dungeon.
             The game lasted 00:02:59 (1331 turns).

BoppinsLewinski the Slasher (Tengu Gladiator)       Turns: 1331, Time: 00:03:00

Health: -6/30      AC:  3    Str: 15    XL:     4   Next: 49%
Magic:  6/7        EV: 15    Int:  9    God:
Gold:   75         SH:  0    Dex: 15    Spells: 3/3 levels left

rFire    x . .     SeeInvis .   a - +0 long sword
rCold    + . .     Gourm    .   (no shield)
rNeg     . . .     Faith    .   b - +0 leather armour
rPois    .         Spirit   .   c - +0 hat
rElec    .         Reflect  .   (no cloak)
rCorr    .         Harm     .   (no gloves)
MR       .....                  (boots unavailable)
Stlth    +.........             (no amulet)
HPRegen  0.10/turn              k - ring of ice
MPRegen  0.10/turn              (no ring)

@: confused
A: beak, talons 3
a: no special abilities


You were on level 2 of the Dungeon.
You were very hungry.

You visited 1 branch of the dungeon, and saw 2 of its levels.

You collected 75 gold pieces.

Inventory:

Hand Weapons
 a - a +0 long sword (weapon)
Armour
 b - a +0 leather armour (worn)
 c - a +0 hat (worn)
 e - a +0 plate armour
Jewellery
 k - a ring of ice (left hand)
Scrolls
 h - 2 scrolls of identify {unknown}
 i - a scroll of blinking {unknown}
 j - a scroll of teleportation {unknown}
 l - a scroll of remove curse {unknown}
 m - a scroll of magic mapping {unknown}
Comestibles
 f - 4 rations


   Skills:
 + Level 4.8 Fighting
 * Level 7.9 Long Blades
 - Level 2.0 Throwing
 + Level 4.6 Armour
 + Level 5.8 Dodging
   Level 3.5 Invocations


You had 3 spell levels left.
You didn't know any spells.
Your spell library was empty.

Dungeon Overview and Level Annotations

Branches:
Dungeon (2/15)

Altars:

Annotations:
D:2 Sigmund


Innate Abilities, Weirdness & Mutations

You have a beak for a mouth.
You have claws for feet.


Message History

Ye miss somethin'.
Ye claw somethin'.
Ye peck somethin'.
Somethin' barely misses ye.
Ye miss somethin'.
Ye closely miss somethin'.
Ye claw somethin'.
Yer peck misses somethin'.
Somethin' barely misses ye.
Ye barely miss somethin'.
Yer kick misses somethin'.
Ye peck somethin'.
Ye hear some strange, mumbled words.
Ye be confused.
Yer too confused ta attack without stumblin' around!
Yer too confused ta attack without stumblin' around!
Ye hear some strange, mumbled words.
Somethin' tries ta affect ye, but ye resist.
Ye bump inta tha rock wall.
Tha bat barely misses ye.
Ye bump inta tha rock wall.
Tha bat hits ye but does nay damage.
Somethin' hits ye.
* * * LOW HITPOINT WARNIN'
* * * Unknown command.
Ye bump inta tha rock wall.
Tha bat hits ye but does nay damage.
Somethin' hits ye!
Ye die...

#########. #.........
#.#######.
###########.#
#####.......<...#
..(.........###.##
#####.##.##.##...####
###.##.##.##.b...w#
..#.##.##.##..@##(#
#.#.##..>.#######b#
#.#.##.)### #w#
#.#.##.<# #........
#..#.#..### ###.#####
#.###.....# .(.
###.#..#.#.########
##.
#.....###......>...
..
#.##.#.#...######## #


You could see a dart slug and a bat.

Vanquished Creatures
  A dart slug (D:1)
  A leopard gecko (D:1)
  3 giant cockroaches (D:1)
  3 goblins (D:1)
  5 hobgoblins
  5 jackals (D:1)
  6 kobolds (D:1)
  7 bats
  A frilled lizard (D:1)
  A rat (D:1)
33 creatures vanquished.

Notes
Turn   | Place    | Note
-------+----------+-------------------------------------------
     0 | D:1      | BoppinsLewinski the Tengu Gladiator began the quest for the
                  | Orb.
     0 | D:1      | Reached XP level 1. HP: 12/12 MP: 2/2
    70 | D:1      | Reached XP level 2. HP: 15/17 MP: 3/3
   476 | D:1      | Reached skill level 1 in Armour
   494 | D:1      | Reached XP level 3. HP: 10/21 MP: 4/4
  1104 | D:1      | Reached skill level 4 in Long Blades
  1305 | D:2      | Noticed Sigmund
  1311 | D:2      | Reached skill level 7 in Long Blades
  1311 | D:2      | Reached skill level 5 in Dodging
  1311 | D:2      | Reached XP level 4. HP: 30/30 MP: 4/7
  1331 | D:2      | Mangled by Sigmund

Levels and vault maps discovered:
D:1:      minmay_arrival_arboretum_large, layout_basic, minmay_heptomino_w4
D:2:      layout_loops_ring, lemuel_coloured_pillars_altar, elyvilon_altar_4,
          lemuel_doored_altar, uniq_sigmund

Skill      XL: |  1  2  3 |
---------------+----------+-----
Armour         | 1 4 |  4.6
Long Blades    | 7 |  7.9
Fighting       | 4 |  4.8
Dodging        | 5 |  5.8
Invocations    | 3 |  3.5
Throwing       | |  2.0

Action                   |  1- 3 |  4- 6 || total
-------------------------+-------+-------++-------
Melee: Long sword        |    56 |    10 ||    66
       Kick              |    18 |     2 ||    20
       Peck              |     6 |     3 ||     9
Throw: Throwing net      |     3 |       ||     3
  Use: Potion            |     1 |       ||     1
 Stab: Held in net/web   |     1 |       ||     1
       Sleeping          |     1 |       ||     1
Armor: Leather armour    |    15 |     2 ||    17
Dodge: Dodged            |    63 |     4 ||    67
       Rpst.: Long sword |    12 |       ||    12

Table legend:
 A = Non-vault XP
 B = Vault XP
 C = Vault XP percentage of total XP
 D = Non-vault monster count
 E = Vault monster count
 F = Vault count percentage of total count
                 A         B        C        D         E       F
            +---------+---------+-------+---------+---------+-------
      Total |      49 |       9 |  15.5 |      29 |       4 |  12.1
            +---------+---------+-------+---------+---------+-------
        D:1 |      46 |       9 |  16.4 |      27 |       4 |  12.9
        D:2 |       3 |       0 |   0.0 |       2 |       0 |   0.0
            +---------+---------+-------+---------+---------+-------
